 Dungeon Crawl Stone Soup version 0.22-a0-469-gf26638a (webtiles) character file.

106 Hebeh the Covered (level 4, -6/42 HPs)
             Began as a Deep Dwarf Fighter on June 12, 2018.
             Killed by divine providence
             ... invoked by an orc priest
              (12 damage)
             ... on level 3 of the Dungeon on June 13, 2018.
             The game lasted 00:31:18 (2169 turns).

Hebeh the Covered (Deep Dwarf Fighter)              Turns: 2169, Time: 00:31:19

Health: -6/42      AC:  8    Str: 21    XL:     4   Next: 55%
Magic:  4/4        EV:  8    Int:  8    God:
Gold:   92         SH:  9    Dex: 12    Spells: 3/3 levels left

rFire    . . .     SeeInvis .   a - +0 war axe
rCold    . . .     Gourm    .   c - +0 shield
rNeg     . . .     Faith    .   b - +0 scale mail
rPois    .         Spirit   .   r - +0 helmet
rElec    .         Reflect  .   (no cloak)
rCorr    .         Harm     .   (no gloves)
MR       .....                  (no boots)
Stlth    ..........             (no amulet)
HPRegen  0.00/turn              g - +1 ring of evasion
MPRegen  0.09/turn              (no ring)

@: non-regenerating
A: damage resistance, heal wounds, sense surroundings 1, no regeneration
a: Heal Wounds


You were on level 3 of the Dungeon.
You were not hungry.

You visited 1 branch of the dungeon, and saw 4 of its levels.

You collected 92 gold pieces.

Inventory:

Hand Weapons
 a - a +0 war axe (weapon)
 k - a +1 dagger of venom
Armour
 b - a +0 scale mail (worn)
 c - a +0 shield (worn)
 r - a +0 helmet (worn)
Jewellery
 g - a +1 ring of evasion (left hand)
Scrolls
 e - a scroll of remove curse
 h - a scroll of fog {unknown}
 j - 3 scrolls of identify {unknown}
 l - a scroll of teleportation {unknown}
 o - a scroll of enchant weapon {unknown}
 p - a scroll of enchant armour {unknown}
 s - a scroll of amnesia {unknown}
Potions
 d - a potion of might
 i - 2 potions of curing {unknown}
 m - a potion of lignification {unknown}
 q - a potion of flight {unknown}
Comestibles
 f - 3 rations
 n - 6 chunks of flesh


   Skills:
 + Level 3.2 Fighting
 + Level 3.1 Axes
 + Level 4.0 Armour
 + Level 1.9 Stealth
 + Level 4.0 Shields


You had 3 spell levels left.
You didn't know any spells.
Your spell library was empty.

Dungeon Overview and Level Annotations

Branches:
Dungeon (4/15)
 Temple: D:4-7

Altars:
Nemelex Xobeh
Trog


Innate Abilities, Weirdness & Mutations

You are resistant to damage.
You can heal yourself by infusing magical energy.
You passively map a small area around you.
You do not regenerate.


Message History

The orc priest is severely wounded.
You miss the orc wizard. You closely miss the hound.
The orc priest hits you with a hand axe.
The hound bites you but does no damage.
The orc wizard hits you with a dagger of flaming.
The orc wizard burns you. The hound bites you but does no damage.
The orc priest calls down the wrath of Beogh upon you.
Beogh smites you!
* * * LOW HITPOINT WARNING * * *
Some of the chunks of flesh in your inventory have rotted away.
Your shield prevents you from hitting the orc priest.
The orc priest is severely wounded.
You miss the hound. You slash the orc wizard!
You kill the orc wizard!
Your Armour skill increases to level 4!
Your Shields skill increases to level 4!
You block the hound's attack.
The orc priest mumbles some strange prayers to Beogh against you.
Beogh smites you!
You die...

, * ,!..# , , , ,,
,...## , * ...#*, * ,
* , , * , ,....#####,
#* , ** #.##....#... *
#.##.#..#..., * * *,*
####.##......# ,
#.######o<..........#
.......h@##.#......##
,
.#.########.#...##....
, , ...........##.##.
, .................. ,
, , ,
........##....#...
,...........##.......
..........####......
.................... ,
....................


You could see a hound and an orc priest.

Vanquished Creatures
  An orc wizard (D:3)
  4 adders
  A leopard gecko (D:2)
  A ball python (D:3)
  8 goblins
  8 hobgoblins
  2 jackals (D:3)
  5 bats
  2 frilled lizards
  7 kobolds
  2 rats
41 creatures vanquished.

Notes
Turn   | Place    | Note
-------+----------+-------------------------------------------
     0 | D:1      | Hebeh the Deep Dwarf Fighter began the quest for the Orb.
     0 | D:1      | Reached XP level 1. HP: 20/20 MP: 1/1
   159 | D:1      | Reached XP level 2. HP: 24/27 MP: 2/2
  1027 | D:2      | Found a bloodstained altar of Trog.
  1371 | D:2      | Reached XP level 3. HP: 26/34 MP: 3/3
  1481 | D:2      | Reached skill level 1 in Stealth
  1631 | D:2      | Found a sparkling altar of Nemelex Xobeh.
  2114 | D:3      | Reached XP level 4. HP: 29/42 MP: 4/4
  2169 | D:3      | Killed from afar by an orc priest

Vault maps used:
D:1:      dpeg_arrival_tiny_g
D:2:      overflow_temple_1_default, first_ration, small_statue_intersection,
          trog_hazing_becter
D:3:      marbit_many_paths, lemuel_round_altar
D:4:      temple_green, minmay_misc_feat_nine_boxes

Skill      XL: |  1  2  3  4 |
---------------+-------------+-----
Fighting       | 3 |  3.2
Stealth        | 1 |  1.9
Axes           | 3 |  3.1
Armour         | 4 |  4.0
Shields        | 4 |  4.0

Action                   |  1- 3 |  4- 6 || total
-------------------------+-------+-------++-------
Melee: War axe           |   124 |    23 ||   147
  Use: Scroll            |     2 |       ||     2
  Eat: Ration            |     1 |       ||     1
       Chunk             |     1 |       ||     1
Armor: Scale mail        |    67 |    27 ||    94
Dodge: Dodged            |    65 |    14 ||    79
Block: Shield            |    88 |    19 ||   107

Table legend:
 A = Spawn XP
 B = Non-spawn XP
 C = Spawn XP percentage of total XP
 D = Spawn monster count
 E = Non-spawn monster count
 F = Spawn count percentage of total count
 G = Total turns spent on level
                    A         B        C        D         E        F      G
               +---------+---------+-------+---------+---------+-------+---------
         Total |       0 |     152 |   0.0 |       0 |      41 |   0.0 |  2169
               +---------+---------+-------+---------+---------+-------+---------
           D:1 |       0 |      24 |   0.0 |       0 |      15 |   0.0 |  1029
           D:2 |       0 |      72 |   0.0 |       0 |      20 |   0.0 |  1055
           D:3 |       0 |      56 |   0.0 |       0 |       6 |   0.0 |    83
               +---------+---------+-------+---------+---------+-------+---------
